 Dungeon Crawl Stone Soup version 0.31-a0-150-g89dc3ad700 (webtiles) character file.

Game seed: 1475333400381653226

253 qw the Shooter (level 6, -1/39 HPs)
             Began as a Gargoyle Hunter on June 8, 2023.
             Slain by a wight
             ... wielding a +3 spear
              (3 damage)
             ... on level 4 of the Dungeon.
             The game lasted 00:01:02 (2892 turns).

qw the Shooter (Gargoyle Hunter)                    Turns: 2892, Time: 00:01:02

Health: -1/39      AC:  7    Str: 15    XL:     6   Next: 14%
Magic:  6/6        EV: 12    Int:  9    God:
Gold:   111        SH:  0    Dex: 15    Spells: 5/5 levels left

rFire   + + .        Y - +0 shortbow (flame)
rCold   + . .        (shield currently unavailable)
rNeg    + . .        a - +1 robe {rF+}
rPois   inf          (no helmet)
rElec   +            h - scarf {rC+ rF+}
rCorr   .            (no gloves)
SInv    .            (no boots)
Will    +....        (no amulet)
Stlth   ++           i - ring of willpower
HPRegen 0.26/turn    (no ring)
MPRegen 0.10/turn

%: no passive effects
@: no status effects
A: sickness immunity, AC +4, negative energy resistance 1, electricity
resistance, torment resistance 1, petrification resistance
a: no special abilities


You were on level 4 of the Dungeon.
You visited 1 branch of the dungeon, and saw 4 of its levels.

You collected 111 gold pieces.


Innate Abilities, Weirdness & Mutations

You are immune to sickness and miasma.
Your stone body is resilient. (AC +4)
You are immune to poison.
You resist negative energy. (rN+)
You are resistant to electric shocks. (rElec)
You are resistant to unholy torment.
You are immune to petrification.


   Skills:
 - Level 4.6 Fighting
 + Level 6.1 Ranged Weapons
 - Level 1.5 Dodging
 - Level 1.1 Stealth


You had 5 spell levels left.
You didn't know any spells.
Your spell library was empty.

Inventory:

Hand Weapons
 Y - a +0 shortbow of flaming (weapon)
Armour
 a - a +1 robe of fire resistance (worn)
 c - a +0 leather armour
 h - a scarf of resistance (worn)
 l - a +0 cloak
Jewellery
 i - a ring of willpower (left hand)
Potions
 d - 3 potions of berserk rage {unknown}
 f - a potion of resistance {unknown}
 g - a potion of heal wounds {unknown}

Dungeon Overview and Level Annotations

Branches:
Dungeon (4/15)
 Temple: D:4-7

Altars:
Yredelemnul

Shops:
D:1 [

Annotations:
D:2 1 runed translucent door, Crazy Yiuf


Message History

You shoot an arrow.
The arrow hits the wight but does no damage.
You shoot an arrow. The arrow barely misses the wight.
You shoot an arrow.
The arrow hits the wight but does no damage.
You shoot an arrow. The arrow completely misses the wight.
You shoot an arrow.
The arrow hits the wight but does no damage.
The wight hits you from afar with a +3 spear.
You shoot an arrow. The arrow hits the wight.
The arrow burns the wight.
The wight is moderately damaged.
The wight closely misses you.
You shoot an arrow. The arrow hits the wight.
The arrow burns the wight.
The wight is severely damaged.
The wight closely misses you.
You shoot an arrow. The arrow closely misses the wight.
The wight hits you from afar with a +3 spear!
The wight misses you.
You shoot an arrow. The arrow closely misses the wight.
The wight completely misses you. The wight hits you but does no damage.
You shoot an arrow. The arrow hits the wight.
The arrow burns the wight.
The wight is moderately damaged.
The wight completely misses you. The wight hits you with a +3 war axe.
You shoot an arrow. The arrow barely misses the wight.
The wight completely misses you. The wight misses you. x2
The wight hits you with a +3 war axe!
You shoot an arrow. The arrow barely misses the wight.
The wight hits you from afar with a +3 spear.
The wight closely misses you.
You shoot an arrow.
The arrow hits the wight but does no damage.
The wight is moderately damaged.
The wight closely misses you. The wight misses you.
You shoot an arrow. The arrow closely misses the wight.
The wight hits you from afar with a +3 spear.
The wight hits you but does no damage.
You shoot an arrow. The arrow hits the wight.
The arrow burns the wight.
The wight is heavily damaged.
The wight hits you from afar with a +3 spear.
You die...

#..#........#.# #.#
####.#........#.# #.#
#.............#.#####.#
#.........#####.......#
#.........# #.#######
#.........# #.#
#.........# #.#
#.....>...# ###.#
#.........# #..@#
######%######z#z#####
#.).......<.....
#..###.#.#.#####
#......#.#.#
##..........
#####.#.#.#.#.##.#
..........#.#.##.#
..........#.# ...#


You could see 2 wights.

Vanquished Creatures
  A wight (D:4)
  Jessica (D:2)
  Natasha (thrice) (D:2)
  2 adders (D:3)
  3 worms
  2 dart slugs
  4 orcs
  5 endoplasms
  3 giant cockroaches
  2 goblins (D:1)
  12 hobgoblins
  4 jackals (D:1)
  3 kobolds
  2 quokkas (D:2)
  7 ball pythons
  4 bats
  2 frilled lizards (D:2)
  7 rats (D:1)
67 creatures vanquished.

Notes
Turn   | Place    | Note
-------+----------+-------------------------------------------
     0 | D:1      | qw the Gargoyle Hunter began the quest for the Orb.
     0 | D:1      | Reached XP level 1. HP: 12/12 MP: 1/1
     0 | D:1      | 0 ||| qw: Version: 0.2-a-119-g7aa9181
     0 | D:1      | 0 ||| qw: Game counter: 2758
     0 | D:1      | 0 ||| qw: Always use a shield: true
     0 | D:1      | 0 ||| qw: God list: Okawaru
     0 | D:1      | 0 ||| qw: Allow faded altars: false
     0 | D:1      | 0 ||| qw: Do Orc after D:15 true
     0 | D:1      | 0 ||| qw: Do second Lair branch before Depths: true
     0 | D:1      | 0 ||| qw: Lair rune preference: random
     0 | D:1      | 0 ||| qw: Plans: Normal
     0 | D:1      | 0 ||| PLANNING D:1-11
   146 | D:1      | Reached XP level 2. HP: 17/17 MP: 2/2
   438 | D:1      | Found a faded altar of an unknown god.
   538 | D:1      | Found Kuor's Antique Armour Emporium.
   546 | D:1      | 546 ||| SHOPLISTING helmet (121 gold, have 17).
   546 | D:1      | 546 ||| SHOPLISTING ring mail (108 gold, have 17).
   546 | D:1      | 546 ||| SHOPLISTING runed helmet (202 gold, have 17).
   660 | D:1      | Reached XP level 3. HP: 21/21 MP: 3/3
   813 | D:1      | 813 ||| UPGRADING to +0 cloak.
   818 | D:1      | 818 ||| READING scroll labelled ONICWI JECIYPP.
   819 | D:1      | 819 ||| READING scroll labelled HUFI QOTEU.
   820 | D:1      | 820 ||| READING scroll labelled UXADENOU VUICW.
   821 | D:1      | 821 ||| READING scroll labelled MEGAYKOTTI.
   822 | D:1      | 822 ||| READING scroll labelled TIMNIE LIFUSCH.
   823 | D:1      | 823 ||| READING scroll labelled KUSKEA MOLE.
   827 | D:1      | 827 ||| DROPPING scroll of butterflies.
   873 | D:2      | Reached skill level 5 in Ranged Weapons
   917 | D:2      | Found a runed translucent door.
   918 | D:2      | Noticed Crazy Yiuf
   951 | D:2      | Noticed Jessica
   957 | D:2      | Killed Jessica
   958 | D:2      | Reached skill level 3 in Fighting
  1034 | D:2      | Reached XP level 4. HP: 28/28 MP: 4/4
  1124 | D:2      | Noticed Natasha
  1135 | D:2      | Killed Natasha
  1455 | D:2      | Noticed Natasha
  1464 | D:2      | Killed Natasha
  1465 | D:2      | Reached XP level 5. HP: 32/32 MP: 5/5
  1767 | D:2      | Noticed Natasha
  1778 | D:2      | Killed Natasha
  1779 | D:2      | Reached skill level 6 in Ranged Weapons
  1797 | D:2      | 1797 ||| UPGRADING to +1 robe of fire resistance.
  2050 | D:3      | Found a basalt altar of Yredelemnul.
  2540 | D:3      | 2540 ||| UPGRADING to scarf of resistance.
  2550 | D:3      | 2550 ||| UPGRADING to ring of willpower.
  2551 | D:3      | 2551 ||| READING scroll labelled KYKATY HYMARR.
  2552 | D:3      | 2552 ||| READING scroll labelled GOUWUA CEJOEFRIU.
  2568 | D:4      | 2568 ||| PLANNING OSSUARY
  2622 | D:4      | HP: 8/33 [ball python (2)]
  2623 | D:4      | 2623 ||| READING 2 scrolls of teleportation.
  2623 | D:4      | HP: 2/33 [wight/+3 falchion (6)]
  2626 | D:4      | Reached XP level 6. HP: 1/39 MP: 6/6
  2627 | D:4      | 2627 ||| READING scroll of teleportation.
  2775 | D:4      | Identified the +2 chain mail "Ximarrui" {Harm rElec Will+}
  2889 | D:4      | HP: 7/39 [wight/+3 spear (5)]
  2891 | D:4      | HP: 2/39 [wight/+3 spear (6)]
  2892 | D:4      | Slain by a wight

Levels and vault maps discovered:
D:1:      amcnicky_arrival_single_pillar, layout_basic, serial_shops, shop,
          shapermc_ecumenical_altar_mp_urbaneastern
D:2:      layout_loops_cross, uniq_natasha, uniq_crazy_yiuf_cottage,
          uniq_jessica
D:3:      layout_loops_ring, mainiacjoe_overflow_alcove_1
D:4:      layout_basic, fedhas_altar_3, vehumet_statue,
          lightli_ossuary_entry_decrepit_ruins, ebering_ghost_reflecting_pool,
          nicolae_nh_ransacked_shop

Skill      XL: |  1  2  3  4  5 |
---------------+----------------+-----
Ranged Weapons | 5 6 |  6.1
Fighting       | 3 4 |  4.6
Dodging        | |  1.5
Stealth        | |  1.1

Action                     |  1- 3 |  4- 6 || total
---------------------------+-------+-------++-------
   Fire: Shortbow          |    86 |   155 ||   241
    Use: Scroll            |     6 |     4 ||    10
 Armour: Leather armour    |    13 |     8 ||    21
         Robe              |       |    10 ||    10
  Dodge: Dodged            |    26 |    52 ||    78

Table legend:
 A = Non-vault XP
 B = Vault XP
 C = Vault XP percentage of total XP
 D = Non-vault monster count
 E = Vault monster count
 F = Vault count percentage of total count
                 A         B        C        D         E       F
            +---------+---------+-------+---------+---------+-------
      Total |     290 |      72 |  19.9 |      65 |       2 |   3.0
            +---------+---------+-------+---------+---------+-------
        D:1 |      37 |       0 |   0.0 |      23 |       0 |   0.0
        D:2 |     103 |      72 |  41.1 |      17 |       2 |  10.5
        D:3 |      56 |       0 |   0.0 |      14 |       0 |   0.0
        D:4 |      94 |       0 |   0.0 |      11 |       0 |   0.0
            +---------+---------+-------+---------+---------+-------
